 Dungeon Crawl Stone Soup version 0.31-a0-164-g2312942fda (webtiles) character file.

Game seed: 12983770161970967463

25959 qw the Cleaver (level 13, -7/82 HPs)
             Began as a Gargoyle Fighter on June 13, 2023.
             Was a High Priest of Okawaru.
             Mangled by Kirke (10 damage)
             ... on level 4 of the Lair of Beasts.
             The game lasted 00:06:41 (13787 turns).

qw the Cleaver (Gargoyle Fighter)                  Turns: 13787, Time: 00:06:42

Health: -7/82      AC:  0    Str: 25    XL:     13   Next: 22%
Magic:  23/28      EV: 16    Int:  9    God:    Okawaru [*****.]
Gold:   577        SH:  0    Dex:  9    Spells: 12/12 levels left

rFire   . . .        z - melded +5 broad axe of Gushuaph {heavy, Will- Str+6}
rCold   . . .        y - melded +2 shield of Resistance {rF++ rC++ Will++}
rNeg    + . .        h - melded +0 plate armour
rPois   inf          x - melded +0 helmet
rElec   .            (cloak currently unavailable)
rCorr   .            j - melded +0 pair of gloves of Jideveh {+Blink rF+ Stlth-}
SInv    .            m - melded +0 pair of boots
Will    .....        a
                       - Hermit's Pendant {Faith Invo=14 Evo=0 MP+5}
Stlth   +++          k - melded ring of positive energy
HPRegen 0.33/turn    w - melded +6 ring of dexterity
MPRegen 0.21/turn

%: faith
@: about to teleport, pig-form, heroic, finesse-ful, very quick
A: fast, no casting, sickness immunity, AC +9, small, negative energy resistance
1, (electricity resistance), torment resistance 1, petrification resistance
a: Renounce Religion, Heroism, Finesse, Duel


You were on level 4 of the Lair of Beasts.
You worshipped Okawaru.
Okawaru was extremely pleased with you.
You were a filthy swine.
You visited 3 branches of the dungeon, and saw 14 of its levels.

You collected 717 gold pieces.
You spent 140 gold pieces at shops.


Innate Abilities, Weirdness & Mutations

You are a filthy swine.
You move quickly.
Your equipment is almost entirely melded.
You are incapable of wielding weapons or throwing items.
You cannot cast spells.
You are immune to sickness and miasma.
((Your stone body is resilient. (AC +9)))
You are immune to poison.
You resist negative energy. (rN+)
((You are resistant to electric shocks. (rElec)))
You are resistant to unholy torment.
You are immune to petrification.


   Skills:
 - Level 10.0(15.0) Fighting
 - Level 12.6(17.6) Axes
 - Level 9.0(14.0) Armour
 - Level 3.0(8.0) Dodging
 + Level 10.4(15.4) Shields
 - Level 10.0(14.0) Invocations


You had 12 spell levels left.
You didn't know any spells.
Your spell library was empty.

Inventory:

Hand Weapons
 o - a +1 flail of protection
 z - the +5 broad axe of Gushuaph (melded) {heavy, Will- Str+6}
   (Okawaru gifted it to you on level 4 of the Lair of Beasts)

   Str:       It affects your strength (+6).
   Will:      It decreases your willpower.
 Y - a +3 war axe
Armour
 b - a +1 pair of gloves
 h - a +0 plate armour (melded)
 j - the +0 pair of gloves of Jideveh (melded) {+Blink rF+ Stlth-}
   (Okawaru gifted it to you on level 2 of the Lair of Beasts)

   rF:        It protects you from fire.
   +Blink:    It lets you blink.
   Stlth:     It makes you less stealthy.
 m - a +0 pair of boots (melded)
 t - a +0 chain mail of cold resistance
 x - a +0 helmet (melded)
 y - the +2 shield of Resistance (melded) {rF++ rC++ Will++}
   (You found it on level 3 of the Lair of Beasts)

   rF:        It greatly protects you from fire.
   rC:        It greatly protects you from cold.
   Will:      It greatly increases your willpower.
Jewellery
 a - the Hermit's Pendant (around neck) {Faith Invo=14 Evo=0 MP+5}
   (You found it on level 3 of the Dungeon)

   [amulet of faith]

   Invo=14: It sets your Invocations skill to 14.
   Evo=0: It sets your Evocations skill to 0.
   It allows you to gain divine favour quickly.
   MP:        It affects your magic capacity (+5).
 k - a ring of positive energy (melded)
 w - a +6 ring of dexterity (melded)
Wands
 p - a wand of digging (10)
Scrolls
 e - a scroll of identify
 f - 2 scrolls of teleportation
Potions
 c - a potion of berserk rage {unknown}
 d - 3 potions of might
 g - a potion of magic
 l - 6 potions of curing
 n - 2 potions of attraction
 q - 3 potions of lignification
 r - a potion of haste
 s - a potion of mutation
 u - a potion of resistance
 v - a potion of degeneration {unknown}

Dungeon Overview and Level Annotations

Branches:
Dungeon (9/15)             Temple (1/1) D:6            Lair (4/5) D:9
  Swamp (0/4) Lair:2        Snake (0/4) Lair:3
  Slime: Lair:4-5       Orc: D:9-12

Altars:
Ashenzari
Cheibriados
Dithmenos
Elyvilon
Fedhas
Gozag
Hepliaklqana
Kikubaaqudgha
Makhleb
Nemelex Xobeh
Okawaru
Qazlal
Ru
Sif Muna
Uskayaw
Vehumet
Wu Jian
Yredelemnul
Zin
The Shining One

Shops:
D:1 *   D:4 ?   D:7 [   D:8 :

Portals:
Volcano: Lair:4

Annotations:
D:2 1 runed translucent door, Crazy Yiuf
D:3 3 runed translucent doors, exclusion: moth of wrath, qw's ghost, amateur NaHu
Lair:3 exclusion: lava snake
Lair:4 Kirke


Message History

The manticore bites you!! The manticore claws you! x2
13782 ||| READING 3 scrolls of teleportation.
As you read the scroll of teleportation, it crumbles to dust.
You feel strangely unstable. Kirke completely misses you.
The eight-headed hydra bites the bush. x2
The eight-headed hydra bites the bush!
The eight-headed hydra bites the bush.
The eight-headed hydra bites the bush! x2
The eight-headed hydra bites the bush but does no damage.
The eight-headed hydra bites the bush.
The manticore bites you. The manticore closely misses you.
The manticore barely misses you.
13783 ||| DRINKING potion of heal wounds.
You feel much better. Kirke casts a spell at you.
You feel a momentary urge to oink.
The eight-headed hydra bites the bush.
The eight-headed hydra bites the bush but does no damage.
The eight-headed hydra completely misses the bush.
The eight-headed hydra bites the bush but does no damage.
The eight-headed hydra bites the bush.
The eight-headed hydra bites the bush but does no damage.
The eight-headed hydra bites the bush!
The eight-headed hydra bites the bush.
The manticore bites you. The manticore barely misses you. x2
You completely miss the manticore.
The manticore is lightly wounded.
You hit the manticore.
The manticore is lightly wounded.
Kirke hits you.
The eight-headed hydra bites the bush.
The eight-headed hydra bites the bush!
The eight-headed hydra bites the bush.
The eight-headed hydra bites the bush!
The eight-headed hydra bites the bush but does no damage.
The eight-headed hydra bites the bush!
The bush is destroyed!
You hit the manticore.
The manticore is moderately wounded.
The manticore bites you! The manticore misses you.
The manticore closely misses you.
You hit the manticore.
The manticore is moderately wounded.
A spriggan rider comes into view.
It is wielding a +0 spear and quivering poisoned darts.
Kirke hits you!
You die...

......#P..# ....7
......####..
.....7 #......
##.# ......7
.....P# #.
.......?###....##
. ..8....P.#...#
# .............#
......DH...#
...8...@h.##
.....P..%..#
.....P....##
..8.P....##
...P....## ###
....P.7.##
#.#######
......7.P#
###...#.#.#
P...77i..#
##.........#
P.7......#
##.........##


You could see Kirke, an eight-headed hydra, a spriggan rider (wandering) and a
manticore (summoned).

Vanquished Creatures
  A hydra (Lair:2)
  A catoblepas (Lair:3)
  2 boulder beetles
  A two-headed ogre (D:9)
  An oklob plant (Lair:4)
  5 elephants (Lair:2)
  5 black mambas
  7 cane toads
  4 rime drakes
  7 komodo dragons
  A troll (D:8)
  A hornet (D:9)
  4 polar bears
  4 blink frogs (Lair:3)
  A tyrant leech (Lair:2)
  5 wyverns
  7 hogs (Lair:4)
  2 steam dragons (D:8)
  A basilisk (Lair:4)
  40 yaks
  A swamp worm (Lair:2)
  Edmund (D:6)
  6 water moccasins
  Duvessa (D:6)
  6 ice beasts
  3 black bears
  7 wolves
  3 kobold brigands
  13 bullfrogs
  A gnoll sergeant (D:9)
  4 scorpions
  Dowan (D:6)
  An electric eel (Lair:3)
  A crimson imp (D:7)
  A lava snake (Lair:3)
  5 orc priests
  A hound (D:3)
  4 jellies
  A sleepcap (D:6)
  A scorpion zombie (D:3)
  3 iguanas
  Natasha (thrice) (D:4)
  5 orc wizards
  A hound skeleton (D:3)
  7 gnolls
  3 adders
  A white imp (D:6)
  An ufetubus (D:5)
  An adder zombie (D:3)
  An adder skeleton (D:3)
  2 worms
  2 dart slugs (D:2)
  13 orcs
  10 bats
  19 endoplasms
  5 giant cockroaches
  5 goblins
  4 hobgoblins
  3 jackals (D:5)
  4 quokkas
  7 ball pythons
  4 frilled lizards
  A giant cockroach zombie (D:3)
  23 kobolds
  6 rats
296 creatures vanquished.

Vanquished Creatures (others)
  A human (D:7)
1 creature vanquished.

Grand Total: 297 creatures vanquished

Notes
Turn   | Place    | Note
-------+----------+-------------------------------------------
     0 | D:1      | qw the Gargoyle Fighter began the quest for the Orb.
     0 | D:1      | Reached XP level 1. HP: 14/14 MP: 1/1
     0 | D:1      | 0 ||| qw: Version: 0.2-a-29-gc1b59c4
     0 | D:1      | 0 ||| qw: Game counter: 4603
     0 | D:1      | 0 ||| qw: Always use a shield: true
     0 | D:1      | 0 ||| qw: God list: Okawaru
     0 | D:1      | 0 ||| qw: Allow faded altars: false
     0 | D:1      | 0 ||| qw: Do Orc after D:15 true
     0 | D:1      | 0 ||| qw: Do second Lair branch before Depths: true
     0 | D:1      | 0 ||| qw: Lair rune preference: random
     0 | D:1      | 0 ||| qw: Plans: Normal, Zot:1-4, Slime:5, God:TSO, Crypt,
                  | Tomb, Abyss, Pan, Hells, Win
     0 | D:1      | 0 ||| PLANNING D:1-11
     1 | D:1      | Noticed an electric eel
    31 | D:1      | Reached skill level 2 in Axes
    91 | D:1      | Found Qutig's Assorted Antiques.
   101 | D:1      | 101 ||| SHOPLISTING dazzling cloak (237 gold, have 9).
   101 | D:1      | 101 ||| SHOPLISTING encrusted pearl ring (125 gold, have
                  | 9).
   101 | D:1      | 101 ||| SHOPLISTING glowing war axe (162 gold, have 9).
   101 | D:1      | 101 ||| SHOPLISTING orange potion (22 gold, have 9).
   101 | D:1      | 101 ||| SHOPLISTING scroll labelled BESCHE RIAB (25 gold,
                  | have 9).
   101 | D:1      | 101 ||| SHOPLISTING scroll labelled SUQIZU WEIT (25 gold,
                  | have 9).
   101 | D:1      | 101 ||| SHOPLISTING scroll labelled VIHOSI JAOTZ (25 gold,
                  | have 9).
   138 | D:1      | 138 ||| Stepping ~*~*~tactically~*~*~ (hiding).
   139 | D:1      | 139 ||| Stepping ~*~*~tactically~*~*~ (hiding).
   142 | D:1      | 142 ||| Stepping ~*~*~tactically~*~*~ (hiding).
   143 | D:1      | 143 ||| Stepping ~*~*~tactically~*~*~ (hiding).
   148 | D:1      | Reached XP level 2. HP: 16/19 MP: 2/2
   148 | D:1      | 148 ||| FLEEEEING.
   149 | D:1      | 149 ||| FLEEEEING.
   150 | D:1      | 150 ||| FLEEEEING.
   151 | D:1      | 151 ||| FLEEEEING.
   173 | D:1      | 173 ||| Stepping ~*~*~tactically~*~*~ (stealth).
   179 | D:1      | 179 ||| DROPPING +0 club.
   182 | D:1      | 182 ||| Stepping ~*~*~tactically~*~*~ (stealth).
   183 | D:1      | 183 ||| Stepping ~*~*~tactically~*~*~ (stealth).
   342 | D:1      | Reached skill level 3 in Axes
   462 | D:1      | Reached XP level 3. HP: 23/23 MP: 3/3
   880 | D:1      | 880 ||| READING scroll labelled XOISUR PISANID.
   881 | D:1      | 881 ||| READING scroll labelled SUQIZU WEIT.
   882 | D:1      | 882 ||| READING 2 scrolls labelled UREBLA UKULUSI.
   883 | D:1      | 883 ||| READING scroll labelled QUOH XO INECULEA.
   884 | D:1      | 884 ||| READING scroll labelled VEUHYU PEODE.
   887 | D:1      | 887 ||| DROPPING scroll of noise.
   952 | D:2      | 952 ||| Stepping ~*~*~tactically~*~*~ (stealth).
  1007 | D:2      | 1007 ||| Stepping ~*~*~tactically~*~*~ (hiding).
  1008 | D:2      | 1008 ||| Stepping ~*~*~tactically~*~*~ (hiding).
  1032 | D:2      | 1032 ||| FLEEEEING.
  1034 | D:2      | 1034 ||| Stepping ~*~*~tactically~*~*~ (stealth).
  1036 | D:2      | 1036 ||| Stepping ~*~*~tactically~*~*~ (stealth).
  1066 | D:2      | 1066 ||| Stepping ~*~*~tactically~*~*~ (hiding).
  1269 | D:2      | Found a runed translucent door.
  1270 | D:2      | Noticed Crazy Yiuf
  1372 | D:2      | Reached XP level 4. HP: 27/28 MP: 4/4
  1384 | D:2      | 1384 ||| Stepping ~*~*~tactically~*~*~ (stealth).
  1561 | D:2      | Reached skill level 4 in Axes
  1836 | D:2      | 1836 ||| UPGRADING to +0 plate armour.
  1846 | D:2      | 1846 ||| DROPPING +0 scale mail.
  1847 | D:2      | 1847 ||| UPGRADING to +0 pair of gloves.
  1852 | D:2      | 1852 ||| READING 2 scrolls labelled HUTYAT REXE.
  1853 | D:2      | 1853 ||| READING scroll labelled LEXKYF HOSTRAO.
  1854 | D:2      | 1854 ||| DRINKING 3 amethyst potions.
  1855 | D:2      | 1855 ||| READING 2 scrolls of identify.
  1855 | D:2      | 1855 ||| IDENTIFYING emerald potion
  1856 | D:2      | 1856 ||| DROPPING scroll of fog.
  1925 | D:3      | Found a runed translucent gate.
  1925 | D:3      | Found a runed translucent gate.
  1925 | D:3      | Found a runed translucent gate.
  1926 | D:3      | Identified the +8 chain mail "Vorel" {rElec rC- Int+5}
  1928 | D:3      | Noticed qw's ghost (amateur NaHu)
  2110 | D:3      | Found a sacrificial altar of Ru.
  2110 | D:3      | Found a stormy altar of Qazlal.
  2117 | D:3      | 2117 ||| READING scroll of enchant weapon.
  2117 | D:3      | 2117 ||| ENCHANTING +1 war axe.
  2165 | D:3      | Reached XP level 5. HP: 27/32 MP: 5/5
  2264 | D:3      | 2264 ||| Stepping ~*~*~tactically~*~*~ (stealth).
  2308 | D:3      | Noticed a moth of wrath
  2566 | D:3      | Found a faded altar of an unknown god.
  2566 | D:3      | Found the Hermit's Pendant {Faith Invo=14 Evo=0 MP+5}
  2713 | D:3      | Reached skill level 5 in Axes
  2851 | D:3      | 2851 ||| UPGRADING to Hermit's Pendant {Faith Invo=14 Evo=0
                  | MP+5}.
  2966 | D:4      | 2966 ||| DROPPING +0 whip.
  2976 | D:4      | 2976 ||| Stepping ~*~*~tactically~*~*~ (stealth).
  3021 | D:4      | 3021 ||| Stepping ~*~*~tactically~*~*~ (stealth).
  3044 | D:4      | Noticed Natasha
  3050 | D:4      | Killed Natasha
  3239 | D:4      | Identified the +6 rapier of the Gloaming {elec, rF++ Str+2}
  3311 | D:4      | Noticed Natasha
  3312 | D:4      | 3312 ||| Stepping ~*~*~tactically~*~*~ (stealth).
  3313 | D:4      | 3313 ||| Stepping ~*~*~tactically~*~*~ (stealth).
  3325 | D:4      | Killed Natasha
  3326 | D:4      | Reached XP level 6. HP: 34/38 MP: 16/16
  3382 | D:4      | Found Qookkyush's Magic Scroll Shoppe.
  3391 | D:4      | 3391 ||| BUYING scroll of identify (20 gold).
  3391 | D:4      | Bought a scroll of identify for 20 gold pieces
  3391 | D:4      | 3391 ||| BUYING scroll of identify (20 gold).
  3391 | D:4      | Bought a scroll of identify for 20 gold pieces
  3391 | D:4      | 3391 ||| BUYING scroll of identify (20 gold).
  3391 | D:4      | Bought a scroll of identify for 20 gold pieces
  3391 | D:4      | 3391 ||| BUYING scroll of identify (20 gold).
  3391 | D:4      | Bought a scroll of identify for 20 gold pieces
  3391 | D:4      | 3391 ||| BUYING scroll of teleportation (30 gold).
  3391 | D:4      | Bought a scroll of teleportation for 30 gold pieces
  3391 | D:4      | 3391 ||| BUYING scroll of teleportation (30 gold).
  3391 | D:4      | Bought a scroll of teleportation for 30 gold pieces
  3624 | D:4      | Noticed Natasha
  3629 | D:4      | Killed Natasha
  3812 | D:4      | 3812 ||| READING 6 scrolls of identify.
  3812 | D:4      | 3812 ||| IDENTIFYING glowing green potion
  3813 | D:4      | 3813 ||| READING 5 scrolls of identify.
  3813 | D:4      | 3813 ||| IDENTIFYING murky emerald potion
  3814 | D:4      | 3814 ||| DROPPING potion of enlightenment.
  3837 | D:5      | Entered Level 5 of the Dungeon
  3846 | D:5      | 3846 ||| Stepping ~*~*~tactically~*~*~ (stealth).
  3848 | D:5      | 3848 ||| Stepping ~*~*~tactically~*~*~ (stealth).
  3858 | D:5      | 3858 ||| Stepping ~*~*~tactically~*~*~ (stealth).
  3870 | D:5      | 3870 ||| Stepping ~*~*~tactically~*~*~ (stealth).
  3873 | D:5      | Noticed an ice beast
  3874 | D:5      | 3874 ||| Stepping ~*~*~tactically~*~*~ (stealth).
  3909 | D:5      | Killed an ice beast
  3910 | D:5      | Reached skill level 6 in Axes
  3960 | D:5      | Reached XP level 7. HP: 43/43 MP: 17/17
  3977 | D:5      | 3977 ||| Stepping ~*~*~tactically~*~*~ (hiding).
  3978 | D:5      | 3978 ||| Stepping ~*~*~tactically~*~*~ (hiding).
  3997 | D:5      | 3997 ||| Stepping ~*~*~tactically~*~*~ (stealth).
  4005 | D:5      | 4005 ||| DRINKING 3 potions of curing.
  4005 | D:5      | 4005 ||| (to cure confusion)
  4278 | D:5      | You fall into a shaft and drop 1 floor!
  4314 | D:6      | Noticed Duvessa
  4314 | D:6      | Noticed Dowan
  4322 | D:6      | Reached skill level 7 in Axes
  4322 | D:6      | Killed Duvessa
  4325 | D:6      | HP: 8/44 [Dowan/shard of ice (9)]
  4326 | D:6      | 4326 ||| READING 2 scrolls of teleportation.
  4327 | D:6      | 4327 ||| DRINKING 2 potions of heal wounds.
  4328 | D:6      | 4328 ||| Stepping ~*~*~tactically~*~*~ (hiding).
  4329 | D:6      | 4329 ||| Stepping ~*~*~tactically~*~*~ (hiding).
  4330 | D:6      | Found a staircase to the Ecumenical Temple.
  4331 | D:6      | 4331 ||| PLANNING TEMPLE
  4379 | D:6      | 4379 ||| UPGRADING to +0 pair of boots.
  4384 | D:6      | 4384 ||| READING scroll labelled WECITA VOESITI.
  4434 | Temple   | Entered the Ecumenical Temple
  4465 | Temple   | 4465 ||| PLANNING OKAWARU WORSHIP
  4528 | Temple   | Became a worshipper of Warmaster Okawaru
  4528 | Temple   | 4528 ||| PLANNING D:1-11
  4580 | D:6      | 4580 ||| UPGRADING to ring of positive energy.
  4582 | D:6      | Noticed Edmund
  4598 | D:6      | Killed Edmund
  4599 | D:6      | Reached skill level 1 in Dodging
  4599 | D:6      | Reached XP level 8. HP: 29/49 MP: 18/18
  4896 | D:5      | Found an ornate altar of the Wu Jian Council.
  4935 | D:5      | 4935 ||| Stepping ~*~*~tactically~*~*~ (hiding).
  5343 | D:6      | 5343 ||| Stepping ~*~*~tactically~*~*~ (hiding).
  5366 | D:6      | Reached skill level 8 in Axes
  5374 | D:6      | Killed Dowan
  5611 | D:6      | 5611 ||| DROPPING +0 flail of protection.
  5865 | D:6      | 5865 ||| READING 5 scrolls of identify.
  5865 | D:6      | 5865 ||| IDENTIFYING clear potion
  5866 | D:6      | 5866 ||| DROPPING potion of brilliance.
  5914 | D:7      | Reached * piety under Okawaru
  5941 | D:7      | 5941 ||| INVOKING Heroism.
  5964 | D:7      | Found a flagged portal.
  5966 | D:7      | Found an ancient bone altar of Kikubaaqudgha.
  6056 | D:7      | Reached skill level 1 in Invocations
  6069 | D:7      | 6069 ||| INVOKING Heroism.
  6072 | D:7      | Reached skill level 6 in Fighting
  6072 | D:7      | Reached XP level 9. HP: 27/55 MP: 19/19
  6265 | D:7      | Found Wojosor's Antique Armour Emporium.
  6271 | D:7      | 6271 ||| SHOPLISTING +3 Mad Mage's Maulers {Infuse+∞ VampMP
                  | -Cast} (840 gold, have 127).
  6271 | D:7      | 6271 ||| SHOPLISTING encrusted chain mail (199 gold, have
                  | 127).
  6271 | D:7      | 6271 ||| SHOPLISTING warped plate armour (588 gold, have
                  | 127).
  6281 | D:7      | 6281 ||| Stepping ~*~*~tactically~*~*~ (stealth).
  6284 | D:7      | 6284 ||| Stepping ~*~*~tactically~*~*~ (hiding).
  6286 | D:7      | 6286 ||| INVOKING Heroism.
  6295 | D:7      | 6295 ||| Stepping ~*~*~tactically~*~*~ (stealth).
  6297 | D:7      | 6297 ||| Stepping ~*~*~tactically~*~*~ (stealth).
  6531 | D:7      | Found a burning altar of Makhleb.
  6681 | D:7      | 6681 ||| READING scroll labelled GEUMEE BATSAWA.
  6682 | D:7      | 6682 ||| READING 4 scrolls of identify.
  6682 | D:7      | 6682 ||| IDENTIFYING bubbling ruby potion
  6683 | D:7      | 6683 ||| READING 3 scrolls of identify.
  6683 | D:7      | 6683 ||| IDENTIFYING silvery potion
  6721 | D:8      | 6721 ||| STAIRDANCE
  6725 | D:7      | Reached skill level 3 in Invocations
  6728 | D:7      | 6728 ||| INVOKING Heroism.
  6886 | D:8      | Found Fokkuusu's Tiny Tomes.
  6929 | D:8      | 6929 ||| INVOKING Heroism.
  6939 | D:8      | 6939 ||| Stepping ~*~*~tactically~*~*~ (cloud).
  6943 | D:8      | 6943 ||| Stepping ~*~*~tactically~*~*~ (hiding).
  7067 | D:8      | 7067 ||| INVOKING Heroism.
  7088 | D:8      | Reached skill level 9 in Axes
  7146 | D:8      | 7146 ||| Stepping ~*~*~tactically~*~*~ (hiding).
  7239 | D:8      | 7239 ||| Stepping ~*~*~tactically~*~*~ (hiding).
  7412 | D:8      | 7412 ||| Stepping ~*~*~tactically~*~*~ (stealth).
  7414 | D:8      | 7414 ||| Stepping ~*~*~tactically~*~*~ (stealth).
  7416 | D:8      | 7416 ||| Stepping ~*~*~tactically~*~*~ (stealth).
  7422 | D:8      | 7422 ||| INVOKING Heroism.
  7666 | D:8      | Found a glowing silver altar of Zin.
  7667 | D:8      | Noticed a troll
  7668 | D:8      | 7668 ||| INVOKING Heroism.
  7677 | D:8      | Killed a troll
  7678 | D:8      | Reached skill level 6 in Armour
  7742 | D:8      | 7742 ||| READING scroll labelled BAHOCUIC GOCIC.
  7743 | D:8      | 7743 ||| READING 3 scrolls of identify.
  7743 | D:8      | 7743 ||| IDENTIFYING viscous grey potion
  7744 | D:8      | 7744 ||| READING 2 scrolls of identify.
  7744 | D:8      | 7744 ||| IDENTIFYING orange potion
  7795 | D:9      | 7795 ||| Stepping ~*~*~tactically~*~*~ (hiding).
  7796 | D:9      | 7796 ||| INVOKING Heroism.
  8005 | D:9      | 8005 ||| Stepping ~*~*~tactically~*~*~ (stealth).
  8005 | D:9      | Noticed a polar bear
  8006 | D:9      | 8006 ||| INVOKING Heroism.
  8007 | D:9      | 8007 ||| Stepping ~*~*~tactically~*~*~ (hiding).
  8025 | D:9      | Killed a polar bear
  8025 | D:9      | Reached ** piety under Okawaru
  8026 | D:9      | Reached XP level 10. HP: 20/63 MP: 20/20
  8050 | D:9      | Reached skill level 10 in Axes
  8050 | D:9      | 8050 ||| FLEEEEING.
  8051 | D:9      | 8051 ||| FLEEEEING.
  8052 | D:9      | 8052 ||| FLEEEEING.
  8053 | D:9      | 8053 ||| FLEEEEING.
  8054 | D:9      | 8054 ||| FLEEEEING.
  8055 | D:9      | 8055 ||| FLEEEEING.
  8056 | D:9      | 8056 ||| FLEEEEING.
  8057 | D:9      | 8057 ||| FLEEEEING.
  8058 | D:9      | 8058 ||| FLEEEEING.
  8059 | D:9      | 8059 ||| FLEEEEING.
  8060 | D:9      | 8060 ||| FLEEEEING.
  8061 | D:9      | 8061 ||| FLEEEEING.
  8062 | D:9      | 8062 ||| FLEEEEING.
  8063 | D:9      | 8063 ||| FLEEEEING.
  8064 | D:9      | 8064 ||| FLEEEEING.
  8065 | D:9      | 8065 ||| FLEEEEING.
  8066 | D:9      | 8066 ||| FLEEEEING.
  8067 | D:9      | 8067 ||| FLEEEEING.
  8068 | D:9      | 8068 ||| FLEEEEING.
  8069 | D:9      | 8069 ||| FLEEEEING.
  8070 | D:9      | 8070 ||| FLEEEEING.
  8071 | D:9      | 8071 ||| FLEEEEING.
  8072 | D:9      | 8072 ||| FLEEEEING.
  8073 | D:9      | 8073 ||| FLEEEEING.
  8074 | D:9      | 8074 ||| FLEEEEING.
  8075 | D:9      | 8075 ||| FLEEEEING.
  8076 | D:9      | 8076 ||| FLEEEEING.
  8077 | D:9      | 8077 ||| FLEEEEING.
  8078 | D:9      | 8078 ||| FLEEEEING.
  8079 | D:9      | 8079 ||| FLEEEEING.
  8080 | D:9      | 8080 ||| FLEEEEING.
  8081 | D:9      | 8081 ||| FLEEEEING.
  8097 | D:9      | 8097 ||| INVOKING Heroism.
  8264 | D:9      | 8264 ||| Stepping ~*~*~tactically~*~*~ (stealth).
  8266 | D:9      | 8266 ||| Stepping ~*~*~tactically~*~*~ (stealth).
  8272 | D:9      | 8272 ||| Stepping ~*~*~tactically~*~*~ (stealth).
  8275 | D:9      | 8275 ||| INVOKING Heroism.
  8381 | D:9      | Found a staircase to the Lair.
  8413 | D:9      | 8413 ||| Stepping ~*~*~tactically~*~*~ (stealth).
  8440 | D:9      | Reached *** piety under Okawaru
  8623 | D:9      | Noticed a two-headed ogre
  8624 | D:9      | 8624 ||| Stepping ~*~*~tactically~*~*~ (stealth).
  8626 | D:9      | 8626 ||| Stepping ~*~*~tactically~*~*~ (hiding).
  8628 | D:9      | 8628 ||| INVOKING Heroism.
  8637 | D:9      | Killed a two-headed ogre
  8638 | D:9      | Reached skill level 6 in Shields
  8816 | D:9      | 8816 ||| INVOKING Heroism.
  8973 | D:9      | 8973 ||| INVOKING Heroism.
  9169 | D:9      | 9169 ||| PLANNING LAIR
  9169 | D:9      | 9169 ||| READING scroll labelled BESCHE RIAB.
  9170 | D:9      | 9170 ||| READING scroll labelled VIHOSI JAOTZ.
  9214 | Lair:1   | Entered Level 1 of the Lair of Beasts
  9214 | Lair:1   | Noticed a boulder beetle
  9215 | Lair:1   | 9215 ||| INVOKING Heroism.
  9245 | Lair:1   | Killed a boulder beetle
  9383 | Lair:1   | Reached skill level 11 in Axes
  9386 | Lair:1   | Reached XP level 11. HP: 58/69 MP: 21/21
  9488 | Lair:1   | 9488 ||| Stepping ~*~*~tactically~*~*~ (stealth).
  9489 | Lair:1   | 9489 ||| INVOKING Heroism.
  9501 | Lair:1   | Reached skill level 9 in Fighting
  9506 | Lair:1   | Reached **** piety under Okawaru
  9599 | Lair:1   | 9599 ||| Stepping ~*~*~tactically~*~*~ (stealth).
  9607 | Lair:1   | 9607 ||| INVOKING Heroism.
  9643 | Lair:1   | Reached ***** piety under Okawaru
  9869 | Lair:1   | 9869 ||| INVOKING Heroism.
  9945 | Lair:1   | Reached skill level 6 in Invocations
 10406 | Lair:1   | 10406 ||| UPGRADING to +1 pair of gloves.
 10416 | Lair:1   | 10416 ||| DROPPING +0 pair of gloves.
 10417 | Lair:1   | 10417 ||| READING scroll labelled JAULYGY QOXKAF.
 10450 | Lair:2   | 10450 ||| STAIRDANCE
 10453 | Lair:1   | 10453 ||| INVOKING Heroism.
 10594 | Lair:2   | Noticed a four-headed hydra
 10595 | Lair:2   | 10595 ||| Stepping ~*~*~tactically~*~*~ (stealth).
 10596 | Lair:2   | 10596 ||| INVOKING Heroism.
 10597 | Lair:2   | 10597 ||| INVOKING Finesse.
 10604 | Lair:2   | 10604 ||| SWAPPING to +1 flail of protection.
 10619 | Lair:2   | Killed a four-headed hydra
 10620 | Lair:2   | 10620 ||| SWAPPING to +2 war axe.
 10665 | Lair:2   | 10665 ||| INVOKING Heroism.
 10676 | Lair:2   | Reached skill level 12 in Axes
 10718 | Lair:2   | Reached XP level 12. HP: 76/76 MP: 22/22
 10750 | Lair:2   | 10750 ||| INVOKING Heroism.
 11006 | Lair:2   | 11006 ||| INVOKING Heroism.
 11008 | Lair:2   | 11008 ||| Stepping ~*~*~tactically~*~*~ (stealth).
 11021 | Lair:2   | Identified the +0 pair of gloves of Jideveh {+Blink rF+
                  | Stlth-} (Okawaru gifted it to you on level 2 of the Lair of
                  | Beasts)
 11021 | Lair:2   | Received a gift from Okawaru
 11022 | Lair:2   | Reached skill level 9 in Armour
 11129 | Lair:2   | 11129 ||| INVOKING Heroism.
 11300 | Lair:2   | 11300 ||| READING scroll of enchant weapon.
 11300 | Lair:2   | 11300 ||| ENCHANTING +2 war axe.
 11320 | Lair:2   | 11320 ||| INVOKING Heroism.
 11343 | Lair:2   | Reached skill level 9 in Invocations
 11615 | Lair:2   | 11615 ||| INVOKING Heroism.
 11623 | Lair:2   | Found a staircase to the Swamp.
 11977 | Lair:2   | 11977 ||| UPGRADING to +0 pair of gloves of Jideveh {+Blink
                  | rF+ Stlth-}.
 11987 | Lair:2   | 11987 ||| UPGRADING to +0 helmet.
 11992 | Lair:2   | 11992 ||| UPGRADING to +6 ring of dexterity.
 11993 | Lair:2   | 11993 ||| READING 2 scrolls of identify.
 11993 | Lair:2   | 11993 ||| IDENTIFYING glowing pink potion
 11994 | Lair:2   | 11994 ||| DROPPING potion of ambrosia.
 12031 | Lair:3   | 12031 ||| Stepping ~*~*~tactically~*~*~ (water).
 12051 | Lair:3   | Found a staircase to the Snake Pit.
 12077 | Lair:3   | 12077 ||| INVOKING Heroism.
 12092 | Lair:3   | Reached skill level 3 in Dodging
 12323 | Lair:3   | 12323 ||| INVOKING Heroism.
 12411 | Lair:3   | Found the +2 shield of Resistance {rF++ rC++ Will++}
 12720 | Lair:3   | 12720 ||| UPGRADING to +2 shield of Resistance {rF++ rC++
                  | Will++}.
 12721 | Lair:3   | 12721 ||| UPGRADING to +2 shield of Resistance {rF++ rC++
                  | Will++}.
 12726 | Lair:3   | 12726 ||| UPGRADING to +0 buckler.
 12731 | Lair:3   | 12731 ||| UPGRADING to +2 shield of Resistance {rF++ rC++
                  | Will++}.
 12736 | Lair:3   | 12736 ||| UPGRADING to +0 buckler.
 12782 | Lair:3   | 12782 ||| UPGRADING to +2 shield of Resistance {rF++ rC++
                  | Will++}.
 12792 | Lair:3   | 12792 ||| DROPPING +0 buckler.
 13068 | Lair:3   | 13068 ||| READING scroll labelled QEUGO UTRAUTT.
 13069 | Lair:3   | 13069 ||| READING 2 scrolls of identify.
 13069 | Lair:3   | 13069 ||| IDENTIFYING fizzy dark potion
 13100 | Lair:4   | 13100 ||| Stepping ~*~*~tactically~*~*~ (hiding).
 13261 | Lair:4   | 13261 ||| INVOKING Heroism.
 13262 | Lair:4   | 13262 ||| INVOKING Finesse.
 13405 | Lair:3   | Noticed a boulder beetle
 13405 | Lair:3   | Noticed a catoblepas
 13406 | Lair:3   | 13406 ||| INVOKING Heroism.
 13407 | Lair:3   | 13407 ||| INVOKING Finesse.
 13418 | Lair:3   | Killed a catoblepas
 13419 | Lair:3   | Reached XP level 13. HP: 70/82 MP: 21/23
 13438 | Lair:3   | Reached skill level 9 in Shields
 13595 | Lair:4   | 13595 ||| Stepping ~*~*~tactically~*~*~ (stealth).
 13612 | Lair:4   | Reached ****** piety under Okawaru
 13619 | Lair:4   | 13619 ||| INVOKING Heroism.
 13623 | Lair:4   | Identified the +5 broad axe of Gushuaph {heavy, Will-
                  | Str+6} (Okawaru gifted it to you on level 4 of the Lair of
                  | Beasts)
 13623 | Lair:4   | Received a gift from Okawaru
 13710 | Lair:4   | 13710 ||| SWAPPING to +5 broad axe of Gushuaph {heavy,
                  | Will- Str+6}.
 13716 | Lair:4   | Found a dark tunnel.
 13768 | Lair:4   | Noticed Kirke
 13769 | Lair:4   | 13769 ||| INVOKING Heroism.
 13770 | Lair:4   | 13770 ||| INVOKING Finesse.
 13781 | Lair:4   | HP: 20/82 [manticore[Kirke] (10)]
 13781 | Lair:4   | HP: 7/82 [manticore[Kirke] (13)]
 13782 | Lair:4   | 13782 ||| READING 3 scrolls of teleportation.
 13783 | Lair:4   | 13783 ||| DRINKING potion of heal wounds.
 13786 | Lair:4   | HP: 3/82 [manticore[Kirke] (8)]
 13787 | Lair:4   | Mangled by Kirke

Levels and vault maps discovered:
D:1:      arrival_aquarium_a, layout_basic, serial_shops, shop,
          minmay_hexomino_p4
D:2:      layout_basic, hangedman_abyss_or_decor_lesser_grid, st_stairs_4,
          uniq_crazy_yiuf_cottage
D:3:      layout_loops_corners, chequers_temple_overflow_statue_of_worship,
          tgw_trog, serial_undead, serial_undead_e, serial_undead_e,
          serial_undead_d, serial_undead_f, biasface_ghost_orc_armoury,
          hellmonk_guarded_unrand_hermit
D:4:      layout_loops_ring, serial_shops, shop, uniq_natasha
D:5:      layout_loops_ring, mainiacjoe_overflow_six_doors_small
D:6:      layout_basic, minmay_temple_entry_large_hall, minivault_11,
          nicolae_figureground_sparkle, uniq_duvessa, uniq_edmund
D:7:      layout_loops_ring, makhleb_grotto_becter, tgw_kikubaaqudgha,
          serial_shops, nicolae_shop_trees, enter_bailey_2
D:8:      layout_loops_ring, zin_academy, nicolae_shop_i_like_small_books_too
D:9:      layout_loops_ring, hellmonk_lair_entry_icy
Temple:   compressed_dpeg_circular_temple
Lair:1:   layout_regular_city, st_stairs_13, grunt_forest_stairs_basic,
          beast_lair_carwin_2, grunt_megastairs_4
Lair:2:   layout_regular_city, minmay_swamp_entry_worms, grunt_megastairs_1
Lair:3:   layout_gridlike, dummy_snake_entry, kennysheep_catoblepas_arena,
          lemuel_fruit_tree, infiniplex_staircase_pool_2
Lair:4:   lemuel_slime, layout_cave_pods, enter_volcano_2,
          grunt_forest_large_clearings, uniq_kirke

Skill      XL: |  1  2  3  4  5  6  7  8  9 10 11 12 13 |
---------------+----------------------------------------+-----
Axes           | 2 3 4 5 6 7 8 9 11 12 | 12.6
Fighting       | 4 5 6 7 8 9 10 | 10.0
Armour         | 4 5 6 7 8 9 |  9.0
Dodging        | 1 2 3 |  3.0
Invocations    | 2 4 8 10 | 10.0
Shields        | 4 6 8 10 | 10.4

Action                     |  1- 3 |  4- 6 |  7- 9 | 10-12 | 13-15 || total
---------------------------+-------+-------+-------+-------+-------++-------
  Melee: War axe           |   117 |   138 |   265 |   589 |    47 ||  1156
         Flail             |       |       |       |    15 |       ||    15
         Broad axe         |       |       |       |       |    10 ||    10
         Unarmed           |       |       |       |       |     9 ||     9
 Invoke: Heroism           |       |       |    10 |    21 |     2 ||    33
         Finesse           |       |       |       |     3 |     1 ||     4
    Use: Scroll            |     5 |     6 |     9 |     7 |     1 ||    28
         Potion            |       |     1 |     2 |       |     1 ||     4
 Armour: Scale mail        |    58 |    23 |       |       |       ||    81
         Plate armour      |       |    68 |   176 |   269 |    29 ||   542
  Dodge: Dodged            |    52 |    41 |    71 |   205 |    28 ||   397
  Block: Buckler           |    24 |    15 |    55 |   117 |       ||   211
         Kite shield       |       |       |       |    26 |    31 ||    57

Table legend:
 A = Non-vault XP
 B = Vault XP
 C = Vault XP percentage of total XP
 D = Non-vault monster count
 E = Vault monster count
 F = Vault count percentage of total count
                 A         B        C        D         E       F
            +---------+---------+-------+---------+---------+-------
      Total |   26103 |   10982 |  29.6 |     228 |      68 |  23.0
            +---------+---------+-------+---------+---------+-------
        D:1 |      41 |       5 |  10.9 |      25 |       3 |  10.7
        D:2 |      62 |       6 |   8.8 |      20 |       2 |   9.1
        D:3 |      25 |     110 |  81.5 |      11 |       6 |  35.3
        D:4 |     153 |      36 |  19.0 |      14 |       2 |  12.5
        D:5 |     484 |       0 |   0.0 |      14 |       0 |   0.0
        D:6 |     623 |     356 |  36.4 |      14 |       3 |  17.6
        D:7 |     812 |      50 |   5.8 |      12 |       1 |   7.7
        D:8 |    1285 |       0 |   0.0 |      11 |       0 |   0.0
        D:9 |    2687 |    1562 |  36.8 |      29 |       8 |  21.6
     Lair:1 |    3810 |    2772 |  42.1 |      14 |      11 |  44.0
     Lair:2 |    7084 |    1833 |  20.6 |      23 |       6 |  20.7
     Lair:3 |    6446 |    2154 |  25.0 |      28 |       4 |  12.5
     Lair:4 |    2591 |    2098 |  44.7 |      13 |      22 |  62.9
            +---------+---------+-------+---------+---------+-------
